[Event "Orlicka sachovnice 2023"]
[Site "Usti nad Orlici, Czech Republic"]
[Date "2023.05.06"]
[Round "2.1"]
[White "Stary, Vojtech"]
[Black "Kloud, Tomas"]
[Result "1-0"]
[TimeControl "12 min + 3 s"]
[WhiteElo "1604"]
[BlackElo "1075"]

1. d4 Nf6 2. c4 e6 3. Nc3 d5 4. cxd5 exd5 5. Bg5 Bb4 6. e3 O-O 7. Bd3 Be6 8. Nf3 Nbd7 9. O-O h6 10. Bh4 c5 11. a3 Bxc3 12. bxc3 c4 13. Bc2 Qc7 14. Bg3 Qc6 15. Ne5 Qc7 16. Ng6 Qc6 17. Ne7+ 1-0

[Event "Orlicka sachovnice 2023"]
[Site "Usti nad Orlici, Czech Republic"]
[Date "2023.05.06"]
[Round "2.2"]
[White "Zimmermann, Jost"]
[Black "Sorf, Filip"]
[Result "0-1"]
[TimeControl "12 min + 3 s"]
[WhiteElo "1061"]
[BlackElo "1513"]

1. e4 e5 2. Nf3 Nc6 3. Bc4 Bc5 4.
d3 Nf6 5. Bg5 h6 6. Bh4 d6 7. c3 Bb6 8. Nbd2 Na5 9. b4 Nxc4 10. Nxc4 Bd7 11. Nxb6 axb6 12. O-O g5 13. Bg3 g4 14.
Nh4 h5 15. f3 Qe7 16. d4 Rd8 17. d5 Bc8 18. c4 c6 19. Bf2 gxf3 20. Nxf3 c5 21. a3 Rg8 22. Re1 Bh3 23. g3 Ng4 24.
Qd2 Qf6 25. Qe2 h4 26. Nxh4 Nxf2 27. Qxf2 Qxh4 28. Kh1 Qh5 29. Rg1 Bg4 30. Raf1 Be2 31. Qf5 Qxf5 32. Rxf5 Bxc4 33. Rc1 Bd3 34. Rf3 Bxe4 35. Rcf1 Bxd5 36. Kg1 Bxf3 37. Rxf3 Rh8 38. bxc5 bxc5 39. Rb3 Rd7 40. a4 Rg8 41.
Ra3 f5 42. a5 f4 43. Kg2 fxg3 44. hxg3 d5 45. a6 bxa6 46. Rxa6 Ke7 47. Ra5 Rc7 48. Ra1 Kd6 49.
Kh3 Rh7+ 50. Kg2 Rhg7 51. Ra3 d4 52. Ra6+ Kd5 53.
Rf6 Rxg3+ 54. Kf2 R3g4 55. Rf3 Rf4 56. Rxf4 exf4 57. Kf3 Re8 58. Kxf4 Rf8+ 59. Kg3 Ke4 60. Kg4 Rg8 61. Kh3 Kf4 62. Kh2 Kf3 63. Kh1 Kf2 64. Kh2 Rh8 0-1

[Event "Orlicka sachovnice 2023"]
[Site "Usti nad Orlici, Czech Republic"]
[Date "2023.05.06"]
[Round "2.3"]
[White "Jun, Robert"]
[Black "Kratka, Tereza"]
[Result "1-0"]
[TimeControl "12 min + 3 s"]
[WhiteElo "1424"]
[BlackElo "1051"]

1. e4 c5 2. Nf3 d6 3. c3 Nc6 4. d4 cxd4 5. cxd4 e6 6. Nc3 Nf6 7. Bb5 Bd7 8. O-O g6 9. Bg5 Bg7 10. Bxc6 Bxc6 11. e5 dxe5 12.
Nxe5 O-O 13. Nxc6 bxc6 14. Ne4 Rb8 15. Qf3 Qxd4 16. Nxf6+ Kh8 17. Rad1 Qxb2 18. Nd7 Qxa2 19. Bf6 Rb3 20.
Bxg7+ Kxg7 21. Qf6+ Kg8 22. Nxf8 Kxf8 23. Rd8# 1-0

[Event "Orlicka sachovnice 2023"]
[Site "Usti nad Orlici, Czech Republic"]
[Date "2023.05.06"]
[Round "2.4"]
[White "Daul, Matyas"]
[Black "Findejs, David"]
[Result "0-1"]
[TimeControl "12 min + 3 s"]
[WhiteElo "1039"]
[BlackElo "1378"]

1. e4 d6 2. Nf3 Nf6 3. Nc3 g6 4. Bc4 Nxe4 5. Nxe4 d5 6. Bxd5 Qxd5 7. d3 Bg7 8. O-O O-O 9. Bg5 Re8 10.
c4 Qd8 11. d4 Bg4 12. Be3 Nc6 13. d5 Ne5 14. Neg5 h6 15. h3 Bxf3 16. Nxf3 Nxc4 17. Qb3 Nd6 18. Bf4 Qd7 19. Bxd6 cxd6 20.
Qc4 Bxb2 21. Rab1 Bg7 22. Qb5 Qxb5 23. Rxb5 b6 24. a4 Rec8 25. Re1 Kf8 26. a5 Rc5 27. Rxc5 bxc5 28. g4 a6 29. h4 Rb8 30. Nd2 Bc3 31.
Re2 Bxd2 32. Rxd2 Rb5 33. Ra2 c4 34. f4 c3 35. f5 Rc5 36. Rc2 gxf5 37. gxf5 Rxd5 38. Rxc3 Rxf5 39. Rc8+ Kg7 40. Rc7 Kf6 41. Rc4 Rxa5 42.
Kf2 Re5 43. Kf3 a5 44. Ra4 Ke6 45. Rf4 Rf5 0-1

[Event "Orlicka sachovnice 2023"]
[Site "Usti nad Orlici, Czech Republic"]
[Date "2023.05.06"]
[Round "2.5"]
[White "Pokorny, Marian"]
[Black "Seidl, Vaclav"]
[Result "1/2-1/2"]
[TimeControl "12 min + 3 s"]
[WhiteElo "1031"]
[BlackElo "1373"]

1. e4 c5 2. c3 e6 3. d4 cxd4 4. cxd4 Nf6 5. Nc3 d6 6. Nf3 Be7 7. Bd3 O-O 8. O-O Nc6 9. Bg5 Bd7 10. Qd2 a6 11. Rfe1 Nb4 12. a3 Nxd3 13.
Qxd3 Bc6 14. e5 dxe5 15. Nxe5 Bd5 16.
Rad1 Rc8 17. Qg3 g6 18. Qf4 Nh5 19. Bxe7 Nxf4 20. Bxd8 Rfxd8 21. f3 Bb3 22. Rd2 Nd5 23. Nxd5 Bxd5 24.
Kf2 b5 25. Ng4 Rd6 26. Nf6+ Kg7 27. Nxd5 Rxd5 28. Re4 Rcd8 29. Ke3 h5 30. Re5 Kf6 31. Rxd5 Rxd5 32. g3 Ke7 33. f4 Kd6 34. Ke4 Kd7 35.
Rc2 f5+ 36. Ke3 Rd6 37. Rc5 Rc6 38. b4 Kd6 39. Rxc6+ Kxc6 40. Kd3 Kd5 41. h3 Kd6 42. Kc3 Kc6 43. Kd3 Kd5 44. h4 Kd6 45. Ke3 Kc6 46. Kd2 Kd6 47. Kc3 Kc6 48. Kd2 Kb6 49. Kc3 Kc6 50. Kd2 Kb6 51. Kc3 a5 52. Kd3 axb4 53. axb4 Kc6 54. Kc3 Kd6 55. Kd2 Kc6 56. Kc3 Kd6 1/2-1/2

[Event "Orlicka sachovnice 2023"]
[Site "Usti nad Orlici, Czech Republic"]
[Date "2023.05.06"]
[Round "3.1"]
[White "Malek, Daniel"]
[Black "Stary, Vojtech"]
[Result "0-1"]
[TimeControl "12 min + 3 s"]
[WhiteElo "1207"]
[BlackElo "1604"]

1. e4 c5 2. Nf3 e6 3. d4 cxd4 4. Qxd4 Nc6 5. Qd1 Qc7 6. Bc4 a6 7. Nc3 Nf6 8.
Be3 Bb4 9. Qd3 Na5 10. Bb3 Nxb3 11. axb3 d5 12. O-O Bxc3 13. Qxc3 Qxc3 14. bxc3 Nxe4 15. Bd4 f6 16. c4 e5 17.
Bb2 d4 18. Rfe1 Nd6 19. Bxd4 Kf7 20. Bc5 Nf5 21. Rad1 Be6 22. h3 Rhd8 23. g4 Ne7 24. Kg2 Nc6 25. Bb6 Rxd1 26. Rxd1 h6 27. Kg3 Re8 28. h4 Re7 29. g5 hxg5 30. hxg5 Rd7 31. Rxd7+ Bxd7 32. gxf6 gxf6 33. Nd2 f5 34. Nf3 Kf6 35. c3 e4 36. Nd2 Ne5 37. Bd4 Ke6 38. Kf4 Nd3+ 39. Ke3 Ne5 40. Kf4 Nc6 41. b4 a5 42. b5 Ne7 43. Bc5 Ng6+ 44. Kg5 Ne5 45. f4 exf3 46. Ba3 f2 47.
Kf4 Nd3+ 48. Ke3 Ne5 49. Kxf2 b6 50. c5 bxc5 51. Bxc5 Nd3+ 52. Ke3 Nxc5 53. b6 Nb7 54. Nc4 Bb5 55. Kd4 Bxc4 56. Kxc4 Ke5 57. Kb5 Kd6 58. Ka6 Kc6 59.
Ka7 f4 60. c4 0-1

[Event "Orlicka sachovnice 2023"]
[Site "Usti nad Orlici, Czech Republic"]
[Date "2023.05.06"]
[Round "3.2"]
[White "Sorf, Filip"]
[Black "Holasek, Tomas"]
[Result "0-1"]
[TimeControl "12 min + 3 s"]
[WhiteElo "1513"]
[BlackElo "1189"]

1. e4 e5 2. Nf3 Nc6 3. Bc4 Nf6 4. d3 Bc5 5. Bg5 d6 6. Nc3 h6 7. Bh4 g5 8. Bg3 Be6 9. Bb3 Qe7 10.
Qd2 O-O-O 11. O-O-O Bxb3 12. cxb3 Bb4 13. Kb1 d5 14. exd5 Nxd5 15. Rhe1 Nxc3+ 16. bxc3 Bd6 17. h4 g4 18.
Nh2 h5 19. Qc2 f6 20. d4 Qg7 21. Nf1 exd4 22. cxd4 Bb4 23. Re4 f5 24. Be5 Nxe5 25. Rxe5 f4 26. Rde1 Bxe1 27. Rxe1 Qxd4 28.
Qf5+ Kb8 29. Rc1 Qd3+ 30. Qxd3 Rxd3 31. Kc2 Rhd8 32. a4 b6 33. g3 fxg3 34. fxg3 R8d6 35. Kb2 Rd1 36. Rxd1 Rxd1 37.
Ne3 Rd3 38. Nf5 Kb7 39. Ng7 Rxg3 40. Nxh5 Rh3 0-1

[Event "Orlicka sachovnice 2023"]
[Site "Usti nad Orlici, Czech Republic"]
[Date "2023.05.06"]
[Round "3.4"]
[White "Findejs, David"]
[Black "Horacek, Jan"]
[Result "1-0"]
[TimeControl "12 min + 3 s"]
[WhiteElo "1378"]
[BlackElo "1168"]

1. d4 d5 2. c4 e6 3. Nf3 Nf6 4. Nc3 Bb4 5. Bg5 Bd7 6. Qb3 Bxc3+ 7. bxc3 dxc4 8. Qxb7 Bc6 9. Qb2 Nbd7 10.
Ne5 Rb8 11. Qc2 Be4 12. Qa4 Ra8 13. f3 Bd5 14. e4 Bb7 15. Bxc4 Qc8 16. Bb5 Nh5 17. Bxd7+ Qxd7 18. Qxd7+ Kf8 19.
Qxf7# 1-0

[Event "Orlicka sachovnice 2023"]
[Site "Usti nad Orlici, Czech Republic"]
[Date "2023.05.06"]
[Round "3.5"]
[White "Vecerova, Hana"]
[Black "Jun, Rostislav"]
[Result "0-1"]
[TimeControl "12 min + 3 s"]
[WhiteElo "1171"]
[BlackElo "1370"]

1. e4 e5 2. Nf3 Nc6 3.
Bc4 f5 4. Nc3 fxe4 5. Nxe4 d5 6. Bd3 dxe4 7. Bxe4 Nf6 8. Bd3 e4 9. Bxe4 Nxe4 10. Qe2 Qe7 11. O-O Bg4 12. c3 O-O-O 13. d3 Ng5 14.
Qxe7 Bxe7 15. Nxg5 Bxg5 16. Bxg5 Rxd3 17. f3 Bh5 18. Rad1 Rxd1 19. Rxd1 Re8 20. Kf2 h6 21. Bh4 g5 22. Bg3 Bg6 23. h3 Ne5 24. Rd5 Nd3+ 25. Kg1 Nxb2 26. Rc5 c6 27.
Re5 Rxe5 28. Bxe5 Kd7 29. Kh2 Ke6 30. Bg7 h5 31. Bh6 Kf6 32. f4 g4 33. hxg4 hxg4 34. Kg3 Kf5 35. Kf2 Nd1+ 36. Kg3 Nxc3 37.
a3 Ne2+ 0-1

[Event "Orlicka sachovnice 2023"]
[Site "Usti nad Orlici, Czech Republic"]
[Date "2023.05.06"]
[Round "3.6"]
[White "Smehlik, Vojtech"]
[Black "Knizner, Michal"]
[Result "1-0"]
[TimeControl "12 min + 3 s"]
[WhiteElo "1369"]
[BlackElo "1152"]

1. e4 e5 2. Nc3 Nf6 3. f4 d5 4.
fxe5 Nxe4 5. Qf3 Nxc3 6. bxc3 d4 7.
Bc4 Be6 8. Bxe6 fxe6 9. Qxb7 Qd5 10. Qxd5 exd5 11. cxd4 c5 12. c3 Nc6 13. Nf3 Be7 14. Rb1 O-O 15. dxc5 Bxc5 16. d4 Bb6 17. Ba3 Rfc8 18. O-O Re8 19.
Kh1 Ba5 20. Rb5 Bxc3 21. Rc5 Bxd4 22.
Rxc6 Bxe5 23. Nxe5 Rxe5 24. Bb4 Rb8 25. Rc7 h6 26. a3 Rbe8 27. h3 d4 28. Rd7 Re4 29. Bc5 Re3 30. Bxd4 Rd3 31. Rxg7+ Kh8 32. Rg4+ Kh7 33. Rf7# 1-0

[Event "Orlicka sachovnice 2023"]
[Site "Usti nad Orlici, Czech Republic"]
[Date "2023.05.06"]
[Round "3.7"]
[White "Kubicek, Ondrej"]
[Black "Cimprich, Lukas"]
[Result "0-1"]
[TimeControl "12 min + 3 s"]
[WhiteElo "1119"]
[BlackElo "1365"]

1. e4 c5 2. Nc3 Nc6 3. Bc4 Nf6 4.
d3 g6 5.
f4 d6 6.
Nf3 Bg4 7. O-O Bg7 8. Be3 O-O 9. Qe1 Bxf3 10. Rxf3 e5 11. Nd5 a6 12. c3 b5 13. Bb3 Nxd5 14. Bxd5 Rc8 15. Qf2 Ne7 16.
fxe5 Nxd5 17. exd5 Bxe5 18. d4 cxd4 19. cxd4 Bg7 20. Rf1 Rc7 21. Bd2 Rd7 22. g3 Qb6 23. Bc3 b4 24. Rf4 bxc3 25. bxc3 Qb7 26. Qf3 Qc7 27. Rc1 a5 28. c4 Qa7 29. Qc3 Rc7 30. c5 dxc5 31. dxc5 Bxc3 32. Rxc3 Rxc5 33. Rxc5 Qxc5+ 34. Rf2 f5 35.
d6 Qxd6 36. Kg2 Qd5+ 37. Rf3 Qd2+ 38. Rf2 Qxf2+ 39. Kxf2 Re8 40. Kg2 Kf7 41. Kh3 g5 42. a3 Re3 43. a4 Ra3 44.
Kg2 Rxa4 45. Kh3 h5 46. Kg2 g4 47. h3 Ra2+ 48. Kf1 gxh3 49. Kg1 Rg2+ 50.
Kh1 Rxg3 51. Kh2 Ra3 52.
Kh1 Ra2 53. Kg1 h2+ 54. Kh1 Ra3 55. Kg2 h1=Q+ 56. Kxh1 Ra2 57. Kg1 Ke6 58. Kh1 Ke5 59. Kg1 Ke4 60. Kh1 Kf3 61.
Kg1 a4 62. Kh1 Kg3 63. Kg1 Ra1# 0-1

[Event "Orlicka sachovnice 2023"]
[Site "Usti nad Orlici, Czech Republic"]
[Date "2023.05.06"]
[Round "4.1"]
[White "Stary, Vojtech"]
[Black "Cimprich, Lukas"]
[Result "1-0"]
[TimeControl "12 min + 3 s"]
[WhiteElo "1604"]
[BlackElo "1365"]

1. c4 Nf6 2. Nc3 g6 3. g3 Bg7 4. Bg2 c6 5. Nf3 O-O 6. O-O d5 7. cxd5 cxd5 8. d4 Bf5 9.
Bf4 Ne4 10. Rc1 Nc6 11. e3 f6 12. h3 g5 13. g4 gxf4 14. gxf5 fxe3 15. fxe3 Ng3 16. Rf2 Nxf5 17. Nxd5 Qxd5 18. Nh4 Nxe3 19. Bxd5+ Nxd5 20. Qb3 e6 21. Nf3 Rf7 22. Re1 Nf4 23. Kh2 Re8 24. Qe3 Nd5 25. Qd2 a6 26. Nh4 f5 27. Nxf5 Rxf5 28. Rxf5 Nxd4 29. Qxd4 Bxd4 30. Rxd5 e5 31. Rxd4 e4 32. Rdxe4 1-0

[Event "Orlicka sachovnice 2023"]
[Site "Usti nad Orlici, Czech Republic"]
[Date "2023.05.06"]
[Round "4.2"]
[White "Jun, Robert"]
[Black "Urban, Stanislav"]
[Result "1-0"]
[TimeControl "12 min + 3 s"]
[WhiteElo "1424"]
[BlackElo "1358"]

1. e4 e5 2. Nf3 Nc6 3. c3 Bc5 4. d4 exd4 5. cxd4 Bb6 6. Nc3 d6 7. Bc4 Bg4 8. Bxf7+ Kxf7 9. Ng5+ Ke8 10.
Qxg4 Bxd4 11. Nd5 Nf6 12. Qe6+ Ne7 13. Nxf6+ Bxf6 14. Nf7 Qd7 15. Qxd7+ Kxd7 16. Nxh8 Rxh8 17. Be3 Bxb2 18. Rb1 Bc3+ 19. Ke2 b6 20. Rhc1 Bf6 21. f4 c5 22. Rd1 Kc6 23. Rd3 g6 24.
Rbd1 Nc8 25. Rd5 Re8 26. Kf3 Re6 27. g4 Ne7 28. R5d2 Bg7 29. f5 gxf5 30. exf5 Rf6 31. Bg5 Rf7 32.
Rxd6+ Kb5 33. Bxe7 Rxe7 34. Rd7 Rxd7 35. Rxd7 Be5 36. Rxh7 a5 37. g5 c4 38. Ke2 Bf4 39. g6 Be5 40.
g7 1-0

[Event "Orlicka sachovnice 2023"]
[Site "Usti nad Orlici, Czech Republic"]
[Date "2023.05.06"]
[Round "4.3"]
[White "Vuova, Karolina"]
[Black "Findejs, David"]
[Result "1-0"]
[TimeControl "12 min + 3 s"]
[WhiteElo "1300"]
[BlackElo "1378"]

1. e4 d6 2. d4 Nf6 3.
Nc3 g6 4. Nf3 Bg4 5. h3 Bxf3 6. Qxf3 Nc6 7. Be3 Bg7 8. Bb5 O-O 9. O-O a6 10. Bxc6 bxc6 11. e5 dxe5 12. dxe5 Nd5 13.
Nxd5 cxd5 14. Bd4 Rc8 15. b4 c6 16. Rad1 Qc7 17. Rfe1 e6 18. Qe3 Rb8 19. a3 a5 20. Bc5 Rfd8 21.
Bd6 Rxd6 22. exd6 Qxd6 23. c3 e5 24. Qc5 Qxc5 25. bxc5 Rb3 26. Rb1 a4 27. Rxb3 axb3 28. Rb1 Bf8 29. Rxb3 Bxc5 30. a4 d4 31. cxd4 exd4 32. Rb8+ Bf8 33.
Rc8 c5 34. a5 d3 35. Kf1 Kg7 36. a6 c4 37. Rxc4 d2 38.
Ke2 1-0

[Event "Orlicka sachovnice 2023"]
[Site "Usti nad Orlici, Czech Republic"]
[Date "2023.05.06"]
[Round "4.5"]
[White "Kafka, Ondrej"]
[Black "Smehlik, Vojtech"]
[Result "0-1"]
[TimeControl "12 min + 3 s"]
[WhiteElo "1271"]
[BlackElo "1369"]

1. d4 e5 2. dxe5 Nc6 3. Nf3 Qe7 4. Bf4 Qb4+ 5. Nc3 Qxf4 6. e3 Qh6 7. Bc4 Bb4 8. O-O Nge7 9. Nb5 Ba5 10.
Nbd4 O-O 11. c3 Bb6 12. Qc2 Qg6 13. Bd3 Nxd4 14. exd4 Qh6 15. Rfe1 Ng6 16. Re4 Nf4 17. Rd1 d5 18.
exd6 Bf5 19. Re7 Bxd3 20. Rxd3 Nxd3 21. Qxd3 cxd6 22. Qc2 Qg6 23. Qd1 Rfe8 24. Rxb7 Rab8 25. Rd7 Qe6 26. Rxf7 Qxf7 0-1

[Event "Orlicka sachovnice 2023"]
[Site "Usti nad Orlici, Czech Republic"]
[Date "2023.05.06"]
[Round "4.6"]
[White "Holasek, Tomas"]
[Black "Kvapil, Paul"]
[Result "0-1"]
[TimeControl "12 min + 3 s"]
[WhiteElo "1189"]
[BlackElo "1279"]

1. e4 c5 2. Nf3 Nc6 3. d4 cxd4 4. Nxd4 d6 5. Be3 Nf6 6. Nc3 e5 7. Nf3 Be6 8. Bb5 a6 9. Bxc6+ bxc6 10.
O-O Be7 11. Nh4 O-O 12. Nf5 Rb8 13. b3 Bxf5 14. exf5 d5 15. Bg5 Re8 16. Re1 Bb4 17. Bxf6 Qxf6 18. Qf3 e4 19. Qe3 Bxc3 20.
Rad1 Bxe1 21. Rxe1 Qxf5 22. f3 h6 23. fxe4 Qxe4 24. Qxe4 Rxe4 25. Rf1 Rbe8 26. g3 Re1 27. Rxe1 Rxe1+ 28. Kf2 Ra1 29. a4 Ra2 30. Ke3 Rxc2 31. Kd4 Rxh2 32. Kc5 Rb2 33. b4 d4 34. Kxd4 Rxb4+ 35. Kc5 Rxa4 36. Kxc6 f5 37.
Kd5 f4 38. gxf4 Rxf4 39. Ke5 Rf2 40. Ke4 a5 41. Ke3 a4 42. Kxf2 a3 43. Ke2 a2 44. Kd2 a1=R 45. Kc2 Kf7 46.
Kb2 Rd1 47. Kc2 Rd8 48. Kc3 Ke6 49. Kc4 Rd1 50. Kc3 Ke5 51. Kc2 Rd8 52. Kc3 Ke4 53. Kb4 Rc8 54. Kb5 Kd4 55. Kb6 Kd5 56. Kb7 Rc3 57. Kb6 Rc2 58. Ka5 Rb2 59. Ka4 Rb7 60. Ka5 Kc4 61. Ka6 Rb2 62. Ka5 Rb1 63. Ka4 Ra1# 0-1

[Event "Orlicka sachovnice 2023"]
[Site "Usti nad Orlici, Czech Republic"]
[Date "2023.05.06"]
[Round "4.7"]
[White "Sixta, Karel"]
[Black "Seidl, Vaclav"]
[Result "0-1"]
[TimeControl "12 min + 3 s"]
[WhiteElo "1084"]
[BlackElo "1373"]

1. e4 d6 2. Nf3 Nf6 3. Nc3 g6 4. Bc4 Bg7 5. d3 O-O 6. O-O c5 7. Bg5 Nc6 8. a3 Bd7 9. Qd2 Re8 10. Rfe1 a6 11. Rad1 Qc7 12.
Nd5 Nxd5 13. exd5 Ne5 14. Nxe5 Bxe5 15. c3 b5 16. Ba2 Bc8 17. Rc1 Qd7 18. c4 Bb7 19. cxb5 axb5 20. b3 Rxa3 21. Rc2 Bxd5 22. Bf4 Bxf4 23.
Qxf4 Bxb3 24. Bxb3 Rxb3 25. g3 Rxd3 26. Rb2 Rd4 27. Qc1 e6 28. Qe3 Rc8 29. Reb1 b4 30. Rb3 d5 31. Qe5 Qc7 32. Qxc7 Rxc7 33. Kg2 Rd2 34. Kf3 c4 35.
Rxb4 c3 36. Ke3 d4+ 37. Ke4 c2 38. Rb8+ Kg7 39. Rc1 Rd1 40. Rxd1 cxd1=Q 41. f4 Qe2+ 42. Kxd4 Rd7+ 43. Kc3 Qd2+ 44.
Kc4 Rc7+ 0-1

[Event "Orlicka sachovnice 2023"]
[Site "Usti nad Orlici, Czech Republic"]
[Date "2023.05.06"]
[Round "5.1"]
[White "Jun, Rostislav"]
[Black "Stary, Vojtech"]
[Result "0-1"]
[TimeControl "12 min + 3 s"]
[WhiteElo "1370"]
[BlackElo "1604"]

1. e4 c5 2. Nf3 e6 3. Nc3 Nc6 4. d4 cxd4 5.
Nxd4 Qc7 6. Be3 a6 7.
a3 Nf6 8. Bc4 Be7 9. O-O O-O 10.
Ba2 b5 11. f4 Bb7 12. e5 Ne8 13.
Qg4 Nxd4 14. Bxd4 Bc5 15. Bxc5 Qxc5+ 16. Kh1 d6 17. exd6 Qxd6 18. f5 Nf6 19. Qh3 exf5 20. Rxf5 Bc8 21. Rd1 Bxf5 22. Qxf5 Qc7 23. Ne4 Nxe4 24. Qxe4 Rad8 25. Rf1 Kh8 26. h3 f6 27.
Qf5 Qe5 28. Qxe5 fxe5 29. Rxf8+ Rxf8 30. Kg1 g5 31. c3 0-1

[Event "Orlicka sachovnice 2023"]
[Site "Usti nad Orlici, Czech Republic"]
[Date "2023.05.06"]
[Round "5.2"]
[White "Smehlik, Vojtech"]
[Black "Jun, Robert"]
[Result "1-0"]
[TimeControl "12 min + 3 s"]
[WhiteElo "1369"]
[BlackElo "1424"]

1. e4 c5 2. Nf3 d6 3. d4 cxd4 4.
Nxd4 e6 5. Nc3 Nf6 6. Bb5+ Bd7 7. Bxd7+ Nbxd7 8. Ndb5 Nc5 9. Bg5 Ncxe4 10. Nxe4 Qa5+ 11. Nec3 a6 12. Bxf6 axb5 13. Bd4 e5 14. Be3 b4 15. Ne2 b3+ 16. Bd2 Qd5 17. O-O bxa2 18. b3 Be7 19. Nc3 Qe6 20.
Nxa2 O-O 21. Nc3 Rac8 22. Qf3 b5 23. Qd5 Qf5 24. Ra2 b4 25. Ne4 Rfd8 26. Bxb4 Qg6 27. Rfa1 Qh6 28. c4 Rb8 29. Ra7 Rxb4 30.
Rxe7 Qg6 31. Nxd6 Rxb3 32. Qxf7+ Qxf7 33. Nxf7 Rdb8 34. Nh6+ gxh6 35. Rxe5 Rb1+ 36. Re1 Rxe1+ 37. Rxe1 Rb4 38.
Rc1 Kf7 39. f3 Ke6 40. Re1+ Kd6 41. Rd1+ Ke5 42. Rd7 Rxc4 43. Rxh7 Kf4 44. Rf7+ Ke3 45. h3 Rc1+ 46. Kh2 Kf2 47.
f4 Rg1 48. Rg7 Re1 49. f5 Re5 50. f6 Rf5 51. Rg6 h5 52. Rh6 Ke3 53. f7 Rxf7 54. Rxh5 Kf4 55. Rh4+ Kg5 56. Rg4+ Kh6 57. Kg3 Rd7 58. Rf4 Rd3+ 59. Rf3 Rd4 60. h4 Kh5 61. Rf5+ Kg6 62.
Rg5+ Kh6 63. Kh3 Rd3+ 64. g3 Rd4 65. Rg4 Rd8 66. Rf4 Kg6 67. Kg4 Rc8 68. h5+ Kh6 69. Kh4 Rc1 70. Re4 Rh1+ 71. Kg4 Rg1 72. Re6+ Kg7 73. Kf4 Rf1+ 74. Kg5 Rg1 75. g4 Rc1 76. h6+ Kf7 77. Rf6+ Kg8 78.
Kg6 Rh1 79. g5 Rh3 80. Rd6 Kf8 81. h7 Ke7 82. Ra6 Kd7 83. Kg7 Rg3 84. g6 Rh3 85. h8=Q Rxh8 86. Kxh8 Ke7 87. g7 Kd7 88. g8=Q 1-0

[Event "Orlicka sachovnice 2023"]
[Site "Usti nad Orlici, Czech Republic"]
[Date "2023.05.06"]
[Round "5.3"]
[White "Seidl, Vaclav"]
[Black "Vuova, Karolina"]
[Result "1-0"]
[TimeControl "12 min + 3 s"]
[WhiteElo "1373"]
[BlackElo "1300"]

1. e4 e5 2. Nc3 Nc6 3.
Bc4 Bc5 4. Qg4 Qf6 5. Nd5 Qxf2+ 6. Kd1 g6 7. Nxc7+ Kd8 8. Nxa8 d6 9. Qg3 Qxg3 10. hxg3 Bg4+ 11. Nf3 Nf6 12. d3 Nd4 13. Rf1 Nh5 14. c3 Ne6 15. Kc2 Nxg3 16. Bg5+ Nxg5 17.
Nxg5 Nxf1 18. Nxf7+ Ke7 19. Nxh8 Ne3+ 20. Kd2 Nxc4+ 21. dxc4 1-0

[Event "Orlicka sachovnice 2023"]
[Site "Usti nad Orlici, Czech Republic"]
[Date "2023.05.06"]
[Round "5.4"]
[White "Kvapil, Paul"]
[Black "Sorf, Filip"]
[Result "1-0"]
[TimeControl "12 min + 3 s"]
[WhiteElo "1279"]
[BlackElo "1513"]

1. c4 c5 2. Nc3 Nf6 3. Nf3 Nc6 4. e3 e6 5. d4 cxd4 6. exd4 d5 7. Bf4 Bb4 8. a3 Be7 9. c5 Bd7 10.
Bd3 a6 11. b4 b5 12. O-O O-O 13. Qc2 h6 14. Qb2 Re8 15. Rfe1 Nh5 16. Be5 Bf6 17. Ne2 Bxe5 18. dxe5 f6 19.
Ned4 fxe5 20. Nxc6 Bxc6 21. Nxe5 Qc7 22. Bg6 Nf6 23. Bxe8 Rxe8 24. Re2 Rd8 25. Rae1 Re8 26. h3 Bd7 27.
Re3 Ne4 28. Nxd7 Qxd7 29. Rxe4 dxe4 30. Rxe4 Rd8 31. Re2 Qc7 32. Re1 Qf7 33. Qe2 Re8 34.
Qe5 Qd7 35. Qd6 1-0

[Event "Orlicka sachovnice 2023"]
[Site "Usti nad Orlici, Czech Republic"]
[Date "2023.05.06"]
[Round "5.5"]
[White "Findejs, David"]
[Black "Knizner, Michal"]
[Result "1-0"]
[TimeControl "12 min + 3 s"]
[WhiteElo "1378"]
[BlackElo "1152"]

1. d4 d5 2. c4 e6 3. Nf3 Nf6 4.
Nc3 Bb4 5. Bg5 h6 6. Bxf6 Qxf6 7. e3 Nc6 8.
cxd5 exd5 9. Bd3 Bg4 10. O-O Bxf3 11. Qxf3 Qxf3 12. gxf3 O-O 13. Nxd5 Ba5 14. Rac1 Rad8 15. Nc3 f5 16.
a3 f4 17. b4 Bb6 18. b5 Ne5 19. Bc2 Nxf3+ 20. Kg2 Nh4+ 21. Kh3 g5 22. exf4 Rxf4 23. Ne2 Rf3+ 24. Kg4 Bxd4 25. Rfd1 Bf6 26.
Rxd8+ Bxd8 27. Be4 Rxf2 28. Ng3 Rxh2 29. Bd5+ Kg7 30. Rf1 Bf6 31. Nh5+ Kh8 32. Rxf6 Rd2 33. Rxh6# 1-0

[Event "Orlicka sachovnice 2023"]
[Site "Usti nad Orlici, Czech Republic"]
[Date "2023.05.06"]
[Round "5.6"]
[White "Kubicek, Ondrej"]
[Black "Trejtnar, Matej"]
[Result "1-0"]
[TimeControl "12 min + 3 s"]
[WhiteElo "1119"]
[BlackElo "1378"]

1. e4 e5 2. Nc3 Nc6 3. Bc4 d6 4. d3 Nf6 5. f4 Be7 6. Nf3 Bg4 7. O-O Nd4 8. Qd2 exf4 9. Nxd4 Nh5 10.
h3 Bd7 11. g4 Nf6 12. Qxf4 h6 13. Qe3 g6 14. e5 Ng8 15. Bxf7+ Kf8 16. Ne6+ Bxe6 17. Bxe6+ Ke8 18. Bxg8 Rxg8 19. exd6 Qxd6 20. Ne4 Qc6 21. Nf6+ Kd8 22. Nxg8 Bc5 23.
d4 Bb6 24. Qe7+ Kc8 25. Rf7 1-0

[Event "Orlicka sachovnice 2023"]
[Site "Usti nad Orlici, Czech Republic"]
[Date "2023.05.06"]
[Round "5.7"]
[White "Cimprich, Lukas"]
[Black "Horacek, Jan"]
[Result "1-0"]
[TimeControl "12 min + 3 s"]
[WhiteElo "1365"]
[BlackElo "1168"]

1. e4 e5 2. Nf3 Nc6 3. d4 exd4 4. Bc4 h6 5. O-O Bc5 6. c3 dxc3 7. Nxc3 d6 8.
h3 Nf6 9. Re1 O-O 10. Bf4 Re8 11. e5 dxe5 12. Qxd8 Rxd8 13. Bxe5 Rd7 14. Bxf6 gxf6 15. Nd5 Kg7 16. Nh4 b5 17. Bxb5 Bb7 18. Ne3 Bb4 19. Red1 Rxd1+ 20. Rxd1 Bc5 21. Nef5+ Kh7 22. Bxc6 Bxc6 23. Rc1 Bd6 24. Rxc6 Be5 25. Rc2 Rd8 26. g3 Rd1+ 27. Kg2 Rd7 28. Nf3 Bd6 29. Nxd6 Rxd6 30. Rxc7 Ra6 31. a3 Kg7 32. Nd4 Ra5 33. Nb3 Rb5 34. Rc3 a5 35. a4 Rb4 36. Nxa5 Rxa4 37. Ra3 Rb4 38. b3 Kf8 39. Nc4 Ke7 40. Ra7+ Kf8 41. Nd6 Rxb3 42. Rxf7+ Kg8 43. Rxf6 Rb6 44. Ne4 Rxf6 45. Nxf6+ Kf7 46. Ne4 Ke6 47. f4 Kf5 48.
Kf3 h5 49. g4+ hxg4+ 50.
hxg4+ Kg6 51. Ng3 Kh6 52. Ke4 Kg6 53.
Ke5 Kf7 54. Kf5 Kf8 55. Kf6 Ke8 56. f5 Kf8 57. g5 Ke8 58. Kg7 Ke7 59. f6+ Ke6 60. f7 Ke5 61. f8=Q 1-0

[Event "Orlicka sachovnice 2023"]
[Site "Usti nad Orlici, Czech Republic"]
[Date "2023.05.06"]
[Round "6.1"]
[White "Stary, Vojtech"]
[Black "Smehlik, Vojtech"]
[Result "1-0"]
[TimeControl "12 min + 3 s"]
[WhiteElo "1604"]
[BlackElo "1369"]

1. d4 d5 2. c4 Nc6 3. Nc3 dxc4 4. e3 Nf6 5. Bxc4 Bf5 6. Nge2 e6 7. O-O Bd6 8. f3 e5 9.
d5 Na5 10. Qa4+ Bd7 11. Qxa5 O-O 12. e4 b6 13. Qa6 Bc5+ 14.
Kh1 Qe8 15. Bb5 Bxb5 16. Qxb5 Qxb5 17. Nxb5 Rfc8 18. a3 a6 19. Nbc3 b5 20.
b4 Ba7 21. Bg5 Nd7 22. Ng3 h6 23. Bd2 c5 24. Nf5 Kf8 25. Rac1 c4 26. Be3 Bxe3 27. Nxe3 g6 28. a4 bxa4 29. Nxa4 Rab8 30. Rxc4 Rxc4 31. Nxc4 Rxb4 32. Ncb2 Nb6 33. Nxb6 Rxb6 34. Nc4 Rb4 35. Nxe5 a5 36. Nc6 Rb5 37. Ra1 a4 38. Kg1 1-0

[Event "Orlicka sachovnice 2023"]
[Site "Usti nad Orlici, Czech Republic"]
[Date "2023.05.06"]
[Round "6.2"]
[White "Kvapil, Paul"]
[Black "Seidl, Vaclav"]
[Result "0-1"]
[TimeControl "12 min + 3 s"]
[WhiteElo "1279"]
[BlackElo "1373"]

1. c4 Nf6 2. Nc3 g6 3. d4 Bg7 4. e4 O-O 5. Nf3 d6 6. Be2 Bg4 7. Be3 Nbd7 8. Qd2 Re8 9. O-O b6 10.
b4 Rc8 11. Rab1 c5 12. bxc5 bxc5 13. d5 Rb8 14. Rxb8 Qxb8 15. Rb1 Qc8 16. Nb5 Nxe4 17. Qc2 Nef6 18. Nxa7 Qa6 19. Nb5 Ra8 20.
Ra1 Nxd5 21. Rd1 Nxe3 22. fxe3 Qxa2 23. Rd2 Qxc2 24. Rxc2 Bf5 25. Rd2 Ra1+ 26. Kf2 Ne5 27. h3 Rc1 28.
Nxe5 Bxe5 29. Ra2 Ra1 30. Rd2 Ra4 31. g4 Be6 32. Rc2 Bd7 33. Kf3 Bc6+ 34. Kf2 Kf8 35. Bd3 Ke8 36. Nc7+ Kd7 37. Nb5 Ra5 38. Ke1 d5 39. cxd5 Bxb5 40. Rxc5 Ra1+ 41.
Ke2 Bxd3+ 42. Kxd3 0-1

[Event "Orlicka sachovnice 2023"]
[Site "Usti nad Orlici, Czech Republic"]
[Date "2023.05.06"]
[Round "6.3"]
[White "Jun, Robert"]
[Black "Vecerova, Hana"]
[Result "1-0"]
[TimeControl "12 min + 3 s"]
[WhiteElo "1424"]
[BlackElo "1171"]

1. e4 e5 2. Nf3 Nc6 3. c3 Nf6 4. d4 exd4 5. e5 Nd5 6. cxd4 Bb4+ 7. Bd2 Qe7 8. Bc4 Nb6 9. Be2 d6 10. exd6 Qxd6 11. Bxb4 Qxb4+ 12. Qd2 Qd6 13.
Nc3 O-O 14. O-O Be6 15. Rad1 Rad8 16. Bb5 a6 17. Bxc6 bxc6 18. Ng5 h6 19. Nxe6 Qxe6 20. Rfe1 Qd6 21. Re3 Nc4 22. Qe2 Nxe3 23. Qxe3 Rfe8 24. Qd3 a5 25.
Qf3 Qxd4 26. h3 Qf6 27. Rxd8 Rxd8 28. Qg3 Qd6 29. Qg4 Qd2 30. Qa4 Qxb2 31. Qxa5 Rd2 32. Ne4 Rd1+ 33. Kh2 Rd5 34.
Qa8+ Kh7 35. Qxc6 Qe5+ 36. Ng3 Rd2 37. Qc4 Rxf2 38. Qd3+ Rf5 39. Qxf5+ Qxf5 40. Nxf5 Kg6 41. Ne3 1-0